AoeStats
← schmeno

Arabia

508281241Analyzed
2v2 RM · 11d ago on Sep 21, 2026· 39m 47s· 4 players
Game mode
Random Map
Map size
Medium (4 player)
Population
200
Speed
Normal
Resources
Standard
Victory
Conquest
Starting age
Dark Age
Ending age
Imperial Age
RankedLock teamsTeams togetherTeam positionsShared explorationLock speedFull tech treeHidden civsTurbo modeCheats
Victory
Defeat
🇺🇸 Bulgarians · United States
1130
+16
🇨🇦 Magyars · Canada
1070
+19
🇺🇸 Persians · United States
1196
-20
🇺🇸 Italians · United States
1062
-15
Simon Nelson Cook
10:22 Feudal Age
11:33 Loom
24:23 Castle Age
23:52 Fletching
27:51 Double-Bit Axe
29:22 Crossbowman
31:47 Padded Archer Armor
schmeno
6:22 Loom
8:29 Feudal Age
20:05 Scale Barding Armor
23:06 Castle Age
21:18 Gold Mining
22:16 Forging
22:49 Bloodlines
22:24 Horse Collar
24:16 Chain Barding Armor
27:28 Husbandry
38:59 Iron Casting
GrandNedgus
2:59 Loom
4:25 Loom
10:53 Feudal Age
12:34 Scale Mail Armor
14:25 Gold Mining
15:54 Horse Collar
20:30 Forging
23:11 Castle Age
22:55 Double-Bit Axe
24:40 Iron Casting
24:20 Chain Mail Armor
24:10 Heavy Plow
26:38 Wheelbarrow
26:15 Bow Saw
25:58 Gambesons
27:01 Squires
28:10 Hand Cart
28:30 Arson
30:23 Pikeman
40:57 Imperial Age
39:56 Stirrups
Spicy Wiener
7:47 Loom
10:02 Feudal Age
18:27 Horse Collar
19:27 Bloodlines
19:59 Double-Bit Axe
24:58 Castle Age
25:35 Scale Barding Armor
26:28 Husbandry
31:43 Chain Barding Armor
36:18 Pikeman
Connection lost

Rejoining the realm…

Still unreachable

The connection could not be restored.

Session expired

The server has moved on; the page needs a fresh start.